 Dungeon Crawl Stone Soup version 0.31-a0-691-g409c26aa35 (webtiles) character file.

Game seed: 16658481525631238359

1334 cforsyth the Trooper (level 8, 0/70 HPs)
             Began as a Djinni Chaos Knight on Sept 6, 2023.
             Was a Plaything of Xom.
             Slain by Joseph the centaur
             ... wielding a +2 heavy quarterstaff
              (1 damage)
             ... on level 7 of the Dungeon on Sept 7, 2023.
             The game lasted 00:13:25 (7176 turns).

cforsyth the Trooper (Djinni Chaos Knight)          Turns: 7176, Time: 00:13:25

Health: 0/70       AC: 12    Str: 11    XL:     8   Next: 92%
Gold:   399        EV: 13    Int: 17    God:    Xom [....*.] SH:  0 Dex: 14

rFire   + + +        g - +4 whip of Strategic Superiority {drain, rF+ rC++ Will- Int+2}
rCold   + . .        (no shield)
rNeg    + . .        b - +2 leather armour
rPois   ∞            f - +0 helmet
rElec   +            (no cloak)
rCorr   .            (no gloves)
SInv    .            (boots unavailable)
Will    .....        (no amulet)
Stlth   +            j - ring of positive energy
HPRegen 0.31/turn    (no ring)
MPRegen 0.00/turn

%: clarity, infuse magic (-1 HP)
@: flying
A: sickness immunity, fire resistance 2, cold vulnerability 1, float, innate
caster, HP casting, extra vitality 1, fangs 1, iridescent scales 3, clarity,
strong-willed 1, mutation resistance 1, sense surroundings 1, robust 1,
screaming 1, electricity resistance, inability to read after injury 1,
MP-powered wands
a: Renounce Religion


You were on level 7 of the Dungeon.
You worshipped Xom.
You were a beloved toy of Xom.
You visited 2 branches of the dungeon, and saw 8 of its levels.

You collected 399 gold pieces.

Inventory:

Hand Weapons
 a - a +0 falchion of chaos
 g - the +4 whip of Strategic Superiority (weapon) {drain, rF+ rC++ Will- Int+2}
   (You found it on level 2 of the Dungeon)

   Int+2:     It affects your intelligence (+2).
   rF+:       It protects you from fire.
   rC++:      It greatly protects you from cold.
   Will-:     It decreases your willpower.
Armour
 b - a +2 leather armour (worn)
 f - a +0 helmet (worn)
Jewellery
 j - a ring of positive energy (left hand)
 p - the ring of Ignis's Whim {Drain rCorr Str+6 Dex+6 Stlth-}
   (You found it on level 4 of the Dungeon)

   [ring of dexterity]

   Str+6:     It affects your strength (+6).
   Dex+6:     It affects your dexterity (+6).
   rCorr:     It protects you from acid and corrosion.
   Drain:     It drains your maximum health when unequipped.
   Stlth-:    It makes you less stealthy.
 x - a ring of fire
Wands
 n - a wand of flame (26)
Scrolls
 c - a scroll of fear {unknown}
 d - 9 scrolls of identify {unknown}
 h - a scroll of immolation
 i - a scroll of blinking {unknown}
 l - a scroll of fog {unknown}
 m - a scroll of enchant weapon {unknown}
 o - a scroll of noise {unknown}
 r - a scroll of silence {unknown}
 s - 2 scrolls of teleportation {unknown}
 w - 2 scrolls of revelation {unknown}
Potions
 e - a potion of lignification {unknown}
 k - a potion of might {unknown}
 q - a potion of degeneration {unknown}
 t - 2 potions of curing
 u - a potion of invisibility {unknown}
 v - a potion of heal wounds {unknown}


   Skills:
 + Level 7.1 Fighting
 - Level 3.9 Long Blades
 - Level 3.1 Armour
 - Level 4.0 Dodging
 + Level 4.0 Spellcasting
 + Level 4.0 Conjurations
 + Level 4.0 Hexes
 + Level 4.0 Summonings
 + Level 4.0 Necromancy
 + Level 4.0 Translocations
 + Level 4.0 Transmutations
 + Level 4.0 Fire Magic
 + Level 4.0 Ice Magic
 + Level 4.0 Air Magic
 + Level 4.0 Earth Magic
 + Level 4.0 Poison Magic


You knew the following spells:

 Your Spells              Type           Power      Damage    Failure   Level
a - Necrotise             Necr           68%        1d7       3%          1
b - Call Imp              Summ           34%        N/A       6%          2
c - Static Discharge      Conj/Air       34%        2-4/arc   6%          2
Your spell library was empty.

Dungeon Overview and Level Annotations

Branches:
Dungeon (7/15)             Temple (1/1) D:5

Altars:
Ashenzari
Dithmenos
Elyvilon
Fedhas
Gozag
Nemelex Xobeh
Okawaru
Qazlal
Ru
Trog
Uskayaw
Wu Jian
Xom
Yredelemnul
Zin
The Shining One

Shops:
D:6 =

Annotations:
D:2 1 runed translucent door, Crazy Yiuf
D:5 2 transporters, Dynojp's ghost, weakling OgDe
D:7 Joseph


Innate Abilities, Weirdness & Mutations

You are immune to sickness and miasma.
You are immune to poison.
Your flesh is very heat resistant. (rF++)
You are vulnerable to cold. (rC-)
You float through the air rather than walking.
You learn spells naturally, not from books.
Your magical power is your life essence.
You have superior vitality. (+4 MHP)
You have very sharp teeth.
You are completely covered in iridescent scales. (AC +6)
You possess an exceptional clarity of mind.
You are strong-willed. (Will+)
You are somewhat resistant to further mutation.
You passively map a small area around you.
You are robust. (+10% HP)
You occasionally shout uncontrollably at your foes.
You are resistant to electric shocks. (rElec)
You occasionally lose the ability to read scrolls when taking damage.
You expend health (3 HP) to strengthen your wands.


Message History

The sling bullet misses your cerulean imp.
The sling bullet hits you.
* * * LOW HITPOINT WARNING * * *
Joseph shoots a sling bullet.
The sling bullet hits your cerulean imp.
Your cerulean imp hits Joseph from afar with a -3 spear.
Joseph shoots a sling bullet.
The sling bullet barely misses your cerulean imp.
The sling bullet barely misses you.
Your cerulean imp hits Joseph from afar with a -3 spear.
Joseph shoots a sling bullet.
The sling bullet misses your cerulean imp.
The sling bullet hits you.
* * * LOW HITPOINT WARNING * * *
Joseph shoots a sling bullet.
The sling bullet hits your cerulean imp.
Your cerulean imp barely misses Joseph.
Your cerulean imp hits Joseph from afar with a -3 spear.
Joseph shoots a sling bullet.
The sling bullet barely misses your cerulean imp.
The sling bullet hits you but does no damage.
Your cerulean imp hits Joseph but does no damage.
Joseph unwields a +2 heavy quarterstaff.
Joseph wields a +0 sling.
Joseph shoots a sling bullet.
The sling bullet hits you.
* * * LOW HITPOINT WARNING * * *
Casting: Call Imp (safe; 6% risk of failure)
Confirm with . or Enter, or press ? or * to list all spells.
You can't see any susceptible monsters within range! (Use Z to cast anyway.) Unknown command.
Unknown command.
Casting: Call Imp (safe; 6% risk of failure)
Confirm with . or Enter, or press ? or * to list all spells.
A tiny devil pulls itself out of the air.
* * * LOW HITPOINT WARNING * * *
Joseph unwields a +0 sling.
Joseph wields a +2 heavy quarterstaff.
Joseph hits you with a +2 heavy quarterstaff!
* * * LOW HITPOINT WARNING * * *
Joseph kicks you.
You die...

#.##.#.#..#.#.#.#
#.##.#.#........# , ,
#.##.#........###
#.##.###.##.......
#†##.###.######### #####
#.#.......)....., *
....# #.#..###.#######
..>.# #.#..###c########
....####.#....#.@......#
*
....##...#..#.#5######.#
, ....##........#......#
....'.........#..###.#
.:..##........#.####.#
######.###....#......#*
* #.# #....#.#######.#
#.# #....#.###.....#, *
#.# #....#.......#,*


You could see Joseph the centaur and a friendly cerulean imp (summoned).

Vanquished Creatures
  2 black bears
  A sky beast (D:5)
  A phantom (D:6)
  A gnoll sergeant (D:6)
  2 scorpions
  A bullfrog (D:5)
  5 hounds
  3 orc priests
  A gnoll bouda (D:5)
  A sleepcap (D:5)
  3 orc wizards
  5 iguanas
  5 adders
  8 gnolls
  3 white imps
  An ufetubus (D:6)
  A worm (D:2)
  10 orcs
  6 ball pythons
  3 endoplasms
  3 giant cockroaches (D:2)
  2 goblins
  4 hobgoblins
  11 jackals
  3 quokkas
  3 bats
  5 frilled lizards
  4 kobolds
  5 rats
103 creatures vanquished.

Vanquished Creatures (collateral kills)
  A gnoll (D:3)
  A hobgoblin (D:2)
2 creatures vanquished.

Vanquished Creatures (others)
  A gnoll (D:6)
  A ball python zombie (D:2)
2 creatures vanquished.

Grand Total: 107 creatures vanquished

Notes
Turn   | Place    | Note
-------+----------+-------------------------------------------
     0 | D:1      | cforsyth the Djinni Chaos Knight began the quest for the
                  | Orb.
     0 | D:1      | Reached XP level 1. HP: 20/20 MP: 0/0
   143 | D:1      | XOM: silly message
   210 | D:1      | XOM: divination: detect items
   439 | D:1      | Reached XP level 2. HP: 25/25 MP: 0/0
   770 | D:1      | XOM is BORED!
   770 | D:1      | XOM: silly message
  1065 | D:2      | Reached XP level 3. HP: 30/30 MP: 0/0
  1065 | D:2      | Learned a level 1 spell: Necrotise
  1152 | D:2      | Identified the +4 whip of Strategic Superiority {drain, rF+
                  | rC++ Will- Int+2}
  1208 | D:2      | XOM is BORED!
  1208 | D:2      | XOM: silly message
  1389 | D:2      | Reached XP level 4. HP: 35/35 MP: 0/0
  1433 | D:2      | XOM: divination: magic mapping
  1583 | D:2      | Found a runed translucent door.
  1584 | D:2      | Noticed Crazy Yiuf
  1606 | D:2      | XOM: god gift: scroll labelled RAFEOKOMUG {god gift}
  1798 | D:3      | XOM: summons 3 hostile demons
  1951 | D:3      | XOM: cloud trail
  1968 | D:3      | XOM: summons friendly ufetubus
  1975 | D:3      | Reached XP level 5. HP: 23/41 MP: 0/0
  1975 | D:3      | Learned a level 2 spell: Call Imp
  2148 | D:3      | XOM: give mutation
  2148 | D:3      | Gained mutation: You are partially covered in iridescent
                  | scales. (AC +2) [Xom's mischief]
  2151 | D:3      | Found an opulent altar of Gozag.
  2350 | D:3      | XOM: 2-stop teleportation journey
  2554 | D:3      | XOM: summons 2 hostile demons
  2710 | D:4      | XOM: give mutations
  2710 | D:4      | Gained mutation: You are agile. (Dex +4, Str/Int -1) [Xom's
                  | mischief]
  2710 | D:4      | Gained mutation: You occasionally shout uncontrollably at
                  | your foes. [Xom's mischief]
  2710 | D:4      | Gained mutation: Your body sometimes deteriorates upon
                  | taking damage. [Xom's mischief]
  2721 | D:4      | XOM: silly message
  2839 | D:4      | Identified the ring of Ignis's Whim {Drain rCorr Str+6
                  | Dex+6 Stlth-}
  3581 | D:4      | XOM: give mutations
  3581 | D:4      | Gained mutation: You are frail. (-10% HP) [Xom's mischief]
  3581 | D:4      | Lost mutation: You are agile. (Dex +4, Str/Int -1) [Xom's
                  | mischief]
  3581 | D:4      | Lost mutation: Your body sometimes deteriorates upon taking
                  | damage. [Xom's mischief]
  3655 | D:4      | Reached skill level 4 in Fighting
  3655 | D:4      | Reached XP level 6. HP: 42/42 MP: 0/0
  3668 | D:4      | XOM: give mutations
  3668 | D:4      | Gained mutation: Your spells are a little easier to cast,
                  | but a little less powerful. [Xom's mischief]
  3668 | D:4      | Gained mutation: You occasionally lose the ability to read
                  | scrolls when taking damage. [Xom's mischief]
  3668 | D:4      | Gained mutation: You are resistant to electric shocks.
                  | (rElec) [Xom's mischief]
  3869 | D:5      | Entered Level 5 of the Dungeon
  3916 | D:5      | Found a staircase to the Ecumenical Temple.
  4002 | D:5      | Found a transporter.
  4035 | D:5      | Identified the +5 dagger "Eguerr" {drain, Will+ Stlth+}
  4281 | D:5      | XOM: torment (25/43 hp)
  4586 | D:6      | XOM: noise
  4586 | D:6      | Noticed a black bear
  4586 | D:6      | Noticed a sky beast
  4595 | D:5      | Reached XP level 7. HP: 28/47 MP: 0/0
  4595 | D:5      | Learned a level 2 spell: Static Discharge
  4666 | D:6      | XOM: smoke on damage
  4673 | D:5      | XOM: noise
  4676 | D:5      | Reached skill level 5 in Fighting
  4926 | D:5      | Noticed Dynojp's ghost (weakling OgDe)
  4940 | D:5      | Found a transporter.
  4985 | D:5      | Reached XP level 8. HP: 21/54 MP: 0/0
  5719 | D:6      | XOM: chaos upgrade
  5722 | D:5      | Reached skill level 6 in Fighting
  5817 | D:6      | XOM: enchant monster (good)
  5878 | D:5      | XOM: fog
  6035 | D:5      | XOM: noise
  6244 | D:6      | XOM: 7-stop teleportation journey
  6278 | D:6      | Found Dotovog's Jewellery Emporium.
  6457 | D:6      | XOM: summons 3 friendly demons
  6458 | D:6      | Found a basalt altar of Yredelemnul.
  6496 | D:6      | Found a broken altar of Ashenzari.
  6497 | D:6      | Found a hide-covered altar of Uskayaw.
  6498 | D:6      | Found a shimmering altar of Xom.
  6500 | D:6      | Found a glowing golden altar of the Shining One.
  6601 | D:6      | XOM: give mutations
  6601 | D:6      | Gained mutation: You passively map a small area around you.
                  | [Xom's grace]
  6601 | D:6      | Gained mutation: You possess an exceptional clarity of
                  | mind. [Xom's grace]
  6601 | D:6      | Lost mutation: You are frail. (-10% HP) [Xom's grace]
  6641 | D:6      | XOM: give mutations
  6641 | D:6      | Gained mutation: You have very sharp teeth. [Xom's grace]
  6641 | D:6      | Gained mutation: You are mostly covered in iridescent
                  | scales. (AC +4) [Xom's grace]
  6641 | D:6      | Gained mutation: You are strong-willed. (Will+) [Xom's
                  | grace]
  6641 | D:6      | Gained mutation: You are somewhat resistant to further
                  | mutation. [Xom's grace]
  6660 | D:6      | XOM: give mutations
  6660 | D:6      | Gained mutation: You expend health (3 HP) to strengthen
                  | your wands. [Xom's grace]
  6660 | D:6      | Gained mutation: You are robust. (+10% HP) [Xom's grace]
  6660 | D:6      | Gained mutation: You are completely covered in iridescent
                  | scales. (AC +6) [Xom's grace]
  6660 | D:6      | Lost mutation: Your spells are a little easier to cast, but
                  | a little less powerful. [Xom's grace]
  6745 | D:7      | Noticed a two-headed ogre
  6748 | D:7      | Reached skill level 7 in Fighting
  6894 | Temple   | Entered the Ecumenical Temple
  7137 | D:7      | Noticed Joseph
  7153 | D:7      | Joseph changed into Joseph the centaur
  7153 | D:7      | Noticed Joseph
  7153 | D:7      | XOM: polymorph Joseph -> Joseph the centaur
  7176 | D:7      | HP: 1/70 [Joseph the centaur/+2 heavy quarterstaff (11)]
  7176 | D:7      | Slain by Joseph the centaur

Illustrated notes

Levels and vault maps discovered:
D:1:      dpeg_arrival_refuge, layout_loops_ring, dreamdust_princess_bridge
D:2:      layout_basic, kennysheep_generic_room_10, uniq_crazy_yiuf_cottage
D:3:      layout_basic, mainiacjoe_overflow_surrounded_room
D:4:      layout_layer_cave, hex_medium, serial_bayou_lagoon_a
D:5:      layout_loops_ring, minmay_temple_entry_large_hall,
          gammafunk_ghost_smash
D:6:      layout_rooms, minitemple, serial_shops, nicolae_shop_crystal
D:7:      layout_basic, serial_shops, shop, minmay_microvault, uniq_joseph
Temple:   hellmonk_temple_flake

Skill      XL: |  1  2  3  4  5  6  7  8 |
---------------+-------------------------+-----
Long Blades    | 3 |  3.9
Armour         | 2 3 |  3.1
Dodging        | 3 4 |  4.0
Fighting       | 4 5 7 |  7.1
Spellcasting   | 2 4 |  4.0
Conjurations   | 2 4 |  4.0
Hexes          | 2 4 |  4.0
Summonings     | 2 4 |  4.0
Necromancy     | 2 4 |  4.0
Translocations | 2 4 |  4.0
Transmutations | 2 4 |  4.0
Fire Magic     | 2 4 |  4.0
Ice Magic      | 2 4 |  4.0
Air Magic      | 2 4 |  4.0
Earth Magic    | 2 4 |  4.0
Poison Magic   | 2 4 |  4.0

Action                     |  1- 3 |  4- 6 |  7- 9 || total
---------------------------+-------+-------+-------++-------
  Melee: Falchion          |    56 |       |       ||    56
         Whip              |    12 |   169 |   130 ||   311
         Punch             |       |     3 |     4 ||     7
         Bite              |       |       |     5 ||     5
   Cast: Necrotise         |    11 |     4 |     1 ||    16
         Static Discharge  |       |       |     6 ||     6
         Call Imp          |       |       |     3 ||     3
    Use: Scroll            |       |       |     2 ||     2
         Potion            |       |       |     1 ||     1
   Stab: Paralysed         |     2 |       |       ||     2
         Sleeping          |     1 |       |       ||     1
 Armour: Leather armour    |    37 |   127 |   144 ||   308
  Dodge: Dodged            |    43 |   188 |   147 ||   378

Table legend: (Time is in decaauts)
 A = Elapsed time spent in this place.
 B = Non-inter-level travel time spent in this place.
 C = Inter-level travel time spent in this place.
 D = Time resting spent in this place.
 E = Time spent auto-exploring this place.
 F = Levels seen in this place.
 G = Mean time per level.
                   A        B        C        D        E       F      G
               +--------+--------+--------+--------+--------+-----+--------+
         Total |   7226 |   6972 |    254 |   1489 |   4393 |   8 |  903.2 |
       Dungeon |   7225 |   6973 |    252 |   1489 |   4393 |   7 | 1032.1 |
        Temple |      1 |      0 |      1 |      0 |      0 |   1 |    1.0 |
               +--------+--------+--------+--------+--------+-----+--------+

Top non-repeatable levels by time:
     D:5: 2212 daAuts
     D:4: 1213 daAuts
     D:2: 1001 daAuts
     D:6: 890 daAuts
     D:3: 847 daAuts
     D:1: 827 daAuts
     D:7: 233 daAuts
  Temple: 1 daAuts
